 Dungeon Crawl Stone Soup version 0.31-a0-214-gb37851dbb3 (webtiles) character file.

Game seed: 1739630522903759442

219 qw the Shooter (level 5, -4/30 HPs)
             Began as a Gargoyle Hexslinger on July 1, 2023.
             Slain by Grinder (9 damage)
             ... on level 3 of the Dungeon.
             The game lasted 00:01:04 (2015 turns).

qw the Shooter (Gargoyle Hexslinger)                Turns: 2015, Time: 00:01:05

Health: -4/30      AC:  7    Str: 11    XL:     5   Next: 96%
Magic:  6/6        EV: 11    Int: 14    God:
Gold:   106        SH:  0    Dex: 14    Spells: 5/6 levels left

rFire   . . .        Y - +3 sling
rCold   . . .        (no shield)
rNeg    + . .        i - +0 leather armour
rPois   inf          (no helmet)
rElec   +            (no cloak)
rCorr   .            (no gloves)
SInv    .            (no boots)
Will    .....        (no amulet)
Stlth   +            (no ring)
HPRegen 0.25/turn    (no ring)
MPRegen 0.10/turn

%: no passive effects
@: no status effects
A: sickness immunity, AC +4, negative energy resistance 1, electricity
resistance, torment resistance 1, petrification resistance
a: no special abilities


You were on level 3 of the Dungeon.
You visited 1 branch of the dungeon, and saw 3 of its levels.

You collected 106 gold pieces.


Innate Abilities, Weirdness & Mutations

You are immune to sickness and miasma.
Your stone body is resilient. (AC +4)
You are immune to poison.
You resist negative energy. (rN+)
You are resistant to electric shocks. (rElec)
You are resistant to unholy torment.
You are immune to petrification.


   Skills:
 + Level 2.1 Fighting
 - Level 5.7 Ranged Weapons
 - Level 1.5 Dodging
 - Level 1.0 Spellcasting
 - Level 2.6 Hexes


You had 5 spell levels left.
You knew the following spells:

 Your Spells              Type           Power      Damage    Failure   Level
a - Slow                  Hex            32%        N/A       12%         1

Your spell library contained the following spells:

 Spells                   Type           Power      Damage    Failure   Level
 Inner Flame              Hex/Fire       4%         N/A       52%         3
 Portal Projectile        Hex/Tloc       8%         N/A       52%         3
 Cause Fear               Hex            4%         N/A       75%         4

Inventory:

Hand Weapons
 Y - a +3 sling (weapon)
Armour
 i - a +0 leather armour (worn)
Jewellery
 a - an amulet of guardian spirit
 e - a ring of fire
Scrolls
 b - a scroll of torment {unknown}
 f - 2 scrolls of identify
 g - a scroll of enchant armour
Potions
 c - a potion of cancellation {unknown}
 d - a potion of curing

Dungeon Overview and Level Annotations

Branches:
Dungeon (3/15)

Altars:
Nemelex Xobeh

Annotations:
D:3 3 runed translucent doors, exclusion: 5 gnolls, Grinder; Ijyb; qw's ghost, amateur GrFi


Message History

You shoot a sling bullet. The sling bullet hits Grinder!
Grinder is severely wounded.
Grinder barely misses you.
You shoot a sling bullet. The sling bullet barely misses Grinder.
Grinder hits you.
You writhe in agony.
You shoot a sling bullet.
The sling bullet closely misses Grinder.
Grinder hits you!
You writhe in agony.
You shoot a sling bullet. The sling bullet hits Grinder!
Grinder is almost dead.
Grinder gestures at you. Pain shoots through your body!
Grinder closely misses you.
You shoot a sling bullet.
The sling bullet hits Grinder but does no damage.
Grinder is almost dead.
Grinder blinks!
You shoot a sling bullet. The sling bullet closely misses Ijyb.
A hobgoblin comes into view.
Grinder gestures at you. You resist with significant effort.
You shoot a sling bullet.
The sling bullet hits Ijyb but does no damage.
Ijyb hits you with a +0 club.
You shoot a sling bullet. The sling bullet hits Ijyb.
Ijyb is moderately wounded.
The hobgoblin hits you. Ijyb hits you but does no damage.
You shoot a sling bullet. The sling bullet closely misses Ijyb.
The sling bullet barely misses Grinder.
The hobgoblin hits you. Ijyb barely misses you.
You shoot a sling bullet.
The sling bullet hits Ijyb but does no damage.
Ijyb is moderately wounded.
Ijyb zaps a wand.
You suddenly lose the ability to move!
Ijyb hits you with a +0 club. Ijyb hits you but does no damage.
You can move again.
You shoot a sling bullet. The sling bullet hits Grinder.
Grinder is almost dead.
Ijyb completely misses you. Grinder hits you!
You die...

#.# #.#.##...# ## #.#
#.#.##...# #.# #.#
#........# #.# #.#
###.#..... #..######.#
#.#.#.## #.#......##
#?...... .........#
###.#... #.####g#####.#
#......#
#.....g@.....####.#)##.#
#..###5#..........).##.#
#g#.###.....)####.#
#.#.# #.####)####.#
#.#.# #.###.(.##...
#.#.# #.##.......#.
....# #.###...##...
#.### .# ##.####.# #.#
#..#


You could see Grinder, Ijyb and 2 hobgoblins.

Vanquished Creatures
  Pargi (D:3)
  4 gnolls (D:3)
  2 adders (D:2)
  2 dart slugs (D:2)
  5 orcs (D:3)
  6 bats
  3 endoplasms
  3 giant cockroaches (D:1)
  9 goblins
  6 hobgoblins
  4 jackals (D:3)
  2 kobolds
  A quokka (D:3)
  2 ball pythons
  3 frilled lizards
  8 rats
61 creatures vanquished.

Notes
Turn   | Place    | Note
-------+----------+-------------------------------------------
     0 | D:1      | qw the Gargoyle Hexslinger began the quest for the Orb.
     0 | D:1      | Reached XP level 1. HP: 12/12 MP: 2/2
     0 | D:1      | 0 ||| qw: Version: 0.3-a-32-g5962c71
     0 | D:1      | 0 ||| qw: Game counter: 7521
     0 | D:1      | 0 ||| qw: Melee chars always use a shield: true
     0 | D:1      | 0 ||| qw: God list: Okawaru
     0 | D:1      | 0 ||| qw: Allow faded altars: false
     0 | D:1      | 0 ||| qw: Do Orc after clearing Dungeon:15 true
     0 | D:1      | 0 ||| qw: Do second Lair branch before Depths: true
     0 | D:1      | 0 ||| qw: Lair rune preference: random
     0 | D:1      | 0 ||| qw: Goals: Normal
     0 | D:1      | 0 ||| PLANNING D:1-11
    42 | D:1      | Reached XP level 2. HP: 14/16 MP: 3/3
   124 | D:1      | Reached skill level 3 in Ranged Weapons
   376 | D:1      | Reached XP level 3. HP: 21/21 MP: 4/4
   450 | D:1      | You fall into a shaft and drop 1 floor!
   623 | D:2      | Found a sparkling altar of Nemelex Xobeh.
   660 | D:2      | Reached XP level 4. HP: 26/26 MP: 5/5
   683 | D:2      | 683 ||| UPGRADING to +0 leather armour.
   693 | D:2      | 693 ||| DROPPING +0 robe.
   694 | D:2      | 694 ||| READING 2 scrolls labelled ABEBRU FA COPE.
   695 | D:2      | 695 ||| READING scroll of enchant weapon.
   695 | D:2      | 695 ||| ENCHANTING +2 sling.
   696 | D:2      | 696 ||| READING 2 scrolls labelled ASAURCH MARYNGOCK.
   697 | D:2      | 697 ||| READING scroll labelled JOTWYPT OC GOO.
   698 | D:2      | 698 ||| DROPPING scroll of poison.
   904 | D:1      | 904 ||| READING scroll labelled CECIDO MEJA.
   905 | D:1      | 905 ||| DRINKING 2 puce potions.
  1142 | D:2      | 1142 ||| READING 2 scrolls labelled TEAPLEM BOCRINK.
  1143 | D:2      | 1143 ||| DROPPING scroll of fear.
  1170 | D:3      | 1170 ||| Stepping ~*~*~tactically~*~*~ (outnumbered).
  1172 | D:3      | 1172 ||| Stepping ~*~*~tactically~*~*~ (outnumbered).
  1174 | D:3      | 1174 ||| Stepping ~*~*~tactically~*~*~ (outnumbered).
  1190 | D:3      | Reached skill level 4 in Ranged Weapons
  1292 | D:3      | Found a runed translucent gate.
  1293 | D:3      | Found a runed translucent gate.
  1293 | D:3      | Noticed qw's ghost (amateur GrFi)
  1294 | D:3      | Found a runed translucent gate.
  1296 | D:3      | Noticed a kobold brigand
  1449 | D:3      | HP: 4/26 [hobgoblin (4)]
  1452 | D:3      | Reached XP level 5. HP: 6/30 MP: 6/6
  1529 | D:3      | 1529 ||| FLEEEEING.
  1619 | D:3      | Noticed Pargi
  1638 | D:3      | HP: 4/30 [Pargi (6)]
  1640 | D:3      | Killed Pargi
  1641 | D:3      | Reached skill level 5 in Ranged Weapons
  1987 | D:3      | Noticed Grinder
  1991 | D:3      | Paralysed by Grinder for 5 turns
  1992 | D:3      | Noticed Ijyb
  2010 | D:3      | HP: 7/30 [hobgoblin (2)]
  2012 | D:3      | Paralysed by Ijyb for 3 turns
  2015 | D:3      | Slain by Grinder

Levels and vault maps discovered:
D:1:      lightli_arrival_quake, layout_basic, st_stairs_7
D:2:      layout_basic, basic_altar
D:3:      layout_loops_ring, gammafunk_ghost_nasty_kobolds, nicolae_goblin_pals,
          uniq_robin, uniq_grinder, uniq_pargi

Skill      XL: |  1  2  3  4  5 |
---------------+----------------+-----
Ranged Weapons | 3 4 5 |  5.7
Fighting       | 2 |  2.1
Dodging        | |  1.5
Spellcasting   | |  1.0
Hexes          | |  2.6

Action                     |  1- 3 |  4- 6 || total
---------------------------+-------+-------++-------
   Fire: Sling             |   124 |   122 ||   246
    Use: Scroll            |       |     6 ||     6
         Potion            |       |     1 ||     1
 Armour: Robe              |    21 |       ||    21
         Leather armour    |       |    39 ||    39
  Dodge: Dodged            |    39 |    74 ||   113

Table legend:
 A = Non-vault XP
 B = Vault XP
 C = Vault XP percentage of total XP
 D = Non-vault monster count
 E = Vault monster count
 F = Vault count percentage of total count
                 A         B        C        D         E       F
            +---------+---------+-------+---------+---------+-------
      Total |     177 |     136 |  43.5 |      58 |       3 |   4.9
            +---------+---------+-------+---------+---------+-------
        D:1 |      34 |       4 |  10.5 |      21 |       2 |   8.7
        D:2 |      51 |       0 |   0.0 |      15 |       0 |   0.0
        D:3 |      92 |     132 |  58.9 |      22 |       1 |   4.3
            +---------+---------+-------+---------+---------+-------
